 Dungeon Crawl Stone Soup version 0.20-a0-29-g41cc41e (webtiles) character file.

352 FrankyJ the Cudgeler (level 6, -2/61 HPs)
             Began as an Ogre Fire Elementalist on Nov 7, 2016.
             Was a Follower of Vehumet.
             Slain by an ogre
             ... wielding a +0 giant club
              (21 damage)
             ... on level 4 of the Dungeon.
             The game lasted 00:14:35 (5191 turns).

FrankyJ the Cudgeler (Ogre Fire Elementalist)       Turns: 5191, Time: 00:14:35

Health: -2/61      AC:  5    Str: 16    XL:     6   Next: 61%
Magic:  8/10       EV: 10    Int: 14    God:    Vehumet [*.....]
Gold:   127        SH:  0    Dex: 10    Spells: 2 memorised, 9 levels left

rFire  . . .     SeeInvis .     g - +0 giant club
rCold  . . .     Gourm    .     a - +0 robe
rNeg   . . .     Faith    .     (shield currently unavailable)
rPois  .         Spirit   .     (helmet restricted)
rElec  .         Reflect  .     h - +1 cloak
rCorr  .         Harm     .     (gloves unavailable)
MR     +....                    (boots unavailable)
Stlth  ++........               (no amulet)
                                (no ring)
                                i - ring of protection from magic

@: no status effects
A: unfitting armour, tough skin 1
a: Renounce Religion


You were on level 4 of the Dungeon.
You worshipped Vehumet.
Vehumet was aware of your devotion.
You were not hungry.

You visited 1 branch of the dungeon, and saw 4 of its levels.

You collected 127 gold pieces.

Inventory:

Hand Weapons
 d - a +1 club
 e - a +2 dagger of venom
 g - a +0 giant club (weapon)
Armour
 a - a +0 robe (worn)
 h - a +1 cloak (worn)
Jewellery
 i - a ring of protection from magic (left hand)
Scrolls
 o - a scroll of recharging
Potions
 k - 2 potions of curing {unknown}
 l - 2 potions of resistance {unknown}
 m - 2 potions of cancellation {unknown}
 n - a potion of heal wounds {unknown}
 r - a potion of brilliance {unknown}
Books
 b - a book of Flames

   Spells                             Type                      Level
   a - Flame Tongue                   Conjuration/Fire             1
   b - Throw Flame                    Conjuration/Fire             2
   c - Conjure Flame                  Conjuration/Fire             3
   d - Inner Flame                    Hexes/Fire                   3
   e - Sticky Flame                   Conjuration/Fire             4
   f - Fireball                       Conjuration/Fire             5
Comestibles
 c - 4 bread rations
 f - 2 slices of pizza
 j - 2 beef jerkies
 p - a meat ration
 q - a chunk of flesh


   Skills:
 - Level 3.0 Fighting
 + Level 3.5 Maces & Flails
 - Level 2.0 Dodging
 + Level 3.2 Stealth
 - Level 3.2 Spellcasting
 - Level 2.1 Conjurations
 - Level 2.1 Fire Magic


You had 9 spell levels left.
You knew the following spells:

 Your Spells              Type           Power        Failure   Level  Hunger
a - Flame Tongue          Conj/Fire      #....        10%         1    #......
b - Magic Dart            Conj           #...         10%         1    #......


Dungeon Overview and Level Annotations

Branches:
Dungeon (4/15)
 Temple: D:4-7

Altars:
Trog
Vehumet

Annotations:
D:2 Sigmund


Innate Abilities, Weirdness & Mutations

You are too large for most types of armour.
You have tough skin. (AC +1)


Message History

The ogre shouts!
The ogre closely misses you.
You barely miss the ogre. The ogre hits you with a giant club!!
You barely miss the ogre. The ogre hits you with a giant club!
Casting: Flame Tongue
Confirm with . or Enter, or press ? or * to list all spells.
Aiming: Flame Tongue
Press: ? - help, Shift-Dir - straight line, f - ogre
Aim: an ogre, wielding a giant club The flame tongue hits the ogre.
The ogre is lightly wounded.
The ogre hits you with a giant club!
Casting: Flame Tongue
Confirm with . or Enter, or press ? or * to list all spells.
Aiming: Flame Tongue
Press: ? - help, Shift-Dir - straight line, p - ogre The flame tongue hits the ogre.
The ogre is moderately wounded.
The ogre hits you with a giant club!!
You die...

..###................###.#.#.#
..................##.#...#.#...
##................##...###.#
..#
##................##........ .#
#####............###...#.... #
#........###.......# ..J
#..)...(. #......#.# ..
#.#...#.# #......#.# . .....#
#O@..#.#.. #........#.#...
........#.... ?..
........+.....#...
.######.#....## .........
#.#....## #.# ###


You could see an ogre.

Vanquished Creatures
  An ogre (D:4)
  Blork the orc (D:4)
  A bullfrog skeleton (D:4)
  A centaur skeleton (D:4)
  Jessica (D:3)
  4 adders
  An ooze (D:1)
  3 worms
  2 dart slugs
  3 leopard geckos
  2 orcs
  8 bats
  3 giant cockroaches
  8 goblins
  7 hobgoblins
  8 kobolds
  A quokka (D:2)
  A ball python (D:1)
  3 frilled lizards
  8 rats
67 creatures vanquished.

Notes
Turn   | Place    | Note
-------+----------+-------------------------------------------
     0 | D:1      | FrankyJ the Ogre Fire Elementalist began the quest for the Orb.
     0 | D:1      | Reached XP level 1. HP: 16/16 MP: 3/3
   383 | D:1      | Reached skill level 1 in Maces & Flails
   383 | D:1      | Reached XP level 2. HP: 19/26 MP: 1/5
   659 | D:1      | Reached skill level 1 in Fighting
   984 | D:1      | Reached skill level 1 in Conjurations
  1189 | D:1      | Reached XP level 3. HP: 33/33 MP: 6/6
  2453 | D:2      | Found a bloodstained altar of Trog.
  2453 | D:2      | Found a radiant altar of Vehumet.
  2475 | D:2      | Became a worshipper of Vehumet
  2678 | D:3      | Noticed Jessica
  2680 | D:3      | Noticed Sigmund
  2697 | D:2      | Reached XP level 4. HP: 28/42 MP: 4/7
  3085 | D:2      | HP: 1/44 [something/magic dart (4)]
  4138 | D:3      | Killed Jessica
  4138 | D:3      | Reached XP level 5. HP: 53/53 MP: 6/8
  4674 | D:4      | Noticed an ogre
  4698 | D:4      | Noticed Blork the orc
  4722 | D:4      | Killed an ogre
  4722 | D:4      | Reached XP level 6. HP: 42/61 MP: 1/10
  4833 | D:4      | Killed Blork the orc
  5065 | D:4      | Reached * piety under Vehumet
  5065 | D:4      | Offered knowledge of Magic Dart by Vehumet.
  5077 | D:4      | Learned a level 1 spell: Magic Dart
  5191 | D:4      | Slain by an ogre

Vault maps used:
D:1:      minmay_arrival_stair_chambers, serial_forest,
          infiniplex_forest_lined_3, infiniplex_forest_clump_diagonal,
          infiniplex_forest_zigzag_1, infiniplex_forest_clump_double,
          infiniplex_forest_straight_2, infiniplex_forest_pool,
          nrook_mini_backslash, chequers_big_river, roderic_lattice_a,
          hangedman_feature_mirror
D:2:      chequers_temple_overflow_statue_of_worship, first_bread
D:3:      uniq_jessica, uniq_sigmund
D:4:      uniq_blork_the_orc

Skill      XL: |  1  2  3  4  5  6 |
---------------+-------------------+-----
Maces & Flails | 1 2 3 |  3.5
Fighting       | 1 2 3 |  3.0
Dodging        | 2 |  2.0
Conjurations   | 1 2 |  2.1
Stealth        | 2 3 |  3.2
Spellcasting   | 3 |  3.2
Fire Magic     | |  2.1

Action                   |  1- 3 |  4- 6 || total
-------------------------+-------+-------++-------
Melee: Club              |   100 |    92 ||   192
       Unarmed           |     6 |       ||     6
       Whip              |    56 |       ||    56
       Giant club        |       |    28 ||    28
 Cast: Flame Tongue      |    30 |    41 ||    71
  Use: Scroll            |     6 |       ||     6
       Potion            |       |     2 ||     2
 Stab: Sleeping          |     2 |     2 ||     4
       Distracted        |     1 |       ||     1
  Eat: Chunk             |     6 |     9 ||    15
Armor: Robe              |    79 |    65 ||   144
Dodge: Dodged            |   116 |    98 ||   214
